 Dungeon Crawl Stone Soup version 0.31-a0-851-g7ff8af7976 (webtiles) character file.

Game seed: 5444088968920554415

162 Gladio the Magician (level 5, 0/40 HPs)
             Began as a Djinni Fire Elementalist on Oct 6, 2023.
             Frozen to death by an endoplasm (7 damage)
             ... on level 3 of the Dungeon.
             The game lasted 00:06:27 (2298 turns).

Gladio the Magician (Djinni Fire Elementalist)      Turns: 2298, Time: 00:06:28

Health: 0/40       AC:  3    Str:  7    XL:     5   Next: 71%
Gold:   132        EV: 12    Int: 24    God:
                   SH:  0    Dex: 14

rFire   + + .        c - +2 spear (flame)
rCold   x . .        (no shield)
rNeg    . . .        o - +0 leather armour
rPois   ∞            (no helmet)
rElec   .            d - scarf {harm}
rCorr   .            (no gloves)
SInv    .            (boots unavailable)
Will    .....        (no amulet)
Stlth   ++           j - +6 ring of intelligence
HPRegen 0.26/turn    (no ring)
MPRegen 0.00/turn

%: harm (+30% outgoing, +20% incoming), infuse magic (-1 HP)
@: flying
A: sickness immunity, fire resistance 2, cold vulnerability 1, float, innate
caster, HP casting, extra vitality 1
a: no special abilities


You were on level 3 of the Dungeon.
You visited 1 branch of the dungeon, and saw 3 of its levels.

You collected 132 gold pieces.

Inventory:

Hand Weapons
 c - a +2 spear of flaming (weapon)
Armour
 a - a +0 robe
 d - a scarf of harm (worn)
 l - a +0 cloak
 o - a +0 leather armour (worn)
Jewellery
 j - a +6 ring of intelligence (left hand)
Wands
 u - a wand of digging (6)
Scrolls
 b - a scroll of enchant armour {unknown}
 i - a scroll of enchant weapon {unknown}
 m - 2 scrolls of identify {unknown}
 p - a scroll of revelation {unknown}
 q - 2 scrolls of noise
 s - a scroll of teleportation {unknown}
Potions
 e - 2 potions of haste {unknown}
 f - 2 potions of cancellation {unknown}
 g - 2 potions of brilliance {unknown}
 h - a potion of mutation {unknown}
 k - a potion of enlightenment {unknown}
 n - a potion of curing {unknown}
 r - a potion of might {unknown}
 t - a potion of ambrosia {unknown}


   Skills:
 * Level 2.8 Fighting
 + Level 3.3 Dodging
 - Level 1.8 Stealth
 * Level 3.7 Spellcasting
 * Level 3.7 Conjurations
 * Level 3.7 Hexes
   Level 0.0 Charms
 * Level 3.7 Summonings
 * Level 3.7 Necromancy
 * Level 3.7 Translocations
 * Level 3.7 Transmutations
 * Level 3.7 Fire Magic
 * Level 3.7 Ice Magic
 * Level 3.7 Air Magic
 * Level 3.7 Earth Magic
 * Level 3.7 Poison Magic


You knew the following spells:

 Your Spells              Type           Power      Damage    Failure   Level
a - Foxfire               Conj/Fire      88%        2x1d8     3%          1
b - Scorch                Fire           44%        2d6       4%          2
c - Volatile Blastmotes   Fire/Tloc      44%        2d13      10%         3
d - Inner Flame           Hex/Fire       22%        N/A       10%         3
e - Flame Wave            Conj/Fire      22%        2d8       32%         4
f - Apportation           Tloc           44%        N/A       3%          1
g - Passwall              Tmut/Erth      18%        N/A       4%          2
Your spell library was empty.

Dungeon Overview and Level Annotations

Branches:
Dungeon (3/15)

Altars:

Shops:
D:2 (


Innate Abilities, Weirdness & Mutations

You are immune to sickness and miasma.
You are immune to poison.
Your flesh is very heat resistant. (rF++)
You are vulnerable to cold. (rC-)
You float through the air rather than walking.
You learn spells naturally, not from books.
Your magical power is your life essence.
You have superior vitality. (+4 MHP)


Message History

* * * LOW HITPOINT WARNING * * *
You are knocked back by the blast.
You hear a shout!
Casting: Volatile Blastmotes (dangerous; 10% risk of failure)
Confirm with . or Enter, or press ? or * to list all spells.
You conjure some foxfire!
* * * LOW HITPOINT WARNING * * *
The foxfire hits something.
The foxfire hits something but does no damage.
A magic dart appears from out of thin air!
The magic dart hits you.
* * * LOW HITPOINT WARNING * * *
Casting: Foxfire (safe; 3% risk of failure)
Confirm with . or Enter, or press ? or * to list all spells.
You conjure some foxfire!
* * * LOW HITPOINT WARNING * * *
A hobgoblin comes into view.
The foxfire hits something.
Reactivating autopickup.
You feel a bit more experienced.
The foxfire hits the hobgoblin.
The hobgoblin is heavily wounded.
Casting: Foxfire (safe; 3% risk of failure)
Confirm with . or Enter, or press ? or * to list all spells.
You conjure some foxfire!
* * * LOW HITPOINT WARNING * * *
An orc comes into view. It is wielding a +0 flail.
The foxfire hits the orc.
The orc is severely wounded.
The foxfire hits the orc.
You kill the orc!
An adder comes into view.
You see here a +0 sling.
You see here 5 stones.
A hobgoblin is nearby!
An endoplasm comes into view.
The endoplasm quivers.
The endoplasm barely misses you. The endoplasm freezes you.
You are frozen!
You feel a terrible chill!
You die...

.##.### ######### ###...#
........## # #...# .# #<.# #
#...# ######.### #...# #
#...###### ......... ..###
###........ ........# ..([
g#.......# #..)..†.# #....
...####.### #.......# #....#
..#####...######@.....)###....#
..).(........Sg.J.............#
.#####..#..#####........# ..#
##......###.......# ..).
#................#
......#.......##.......#
.............###########
......#......# ......#......#


You could see an adder, an endoplasm and a hobgoblin.

Vanquished Creatures
  An iguana (D:2)
  2 orc wizards (D:3)
  5 adders
  2 worms (D:2)
  3 dart slugs
  2 orcs (D:3)
  3 endoplasms
  3 jackals (D:3)
  4 kobolds
  A quokka (D:1)
  A ball python (D:1)
  5 bats
  2 frilled lizards
  A goblin (D:1)
  3 rats
38 creatures vanquished.

Vanquished Creatures (others)
  109 foxfires
109 creatures vanquished.

Grand Total: 147 creatures vanquished

Notes
Turn   | Place    | Note
-------+----------+-------------------------------------------
     0 | D:1      | Gladio the Djinni Fire Elementalist began the quest for the
                  | Orb.
     0 | D:1      | Gladio set off with the following spells memorised:
                  | Foxfire, Scorch, Volatile Blastmotes, Inner Flame, Flame
                  | Wave.
     0 | D:1      | Reached XP level 1. HP: 15/15 MP: 0/0
   292 | D:1      | Reached XP level 2. HP: 19/21 MP: 0/0
   493 | D:1      | Found a faded altar of an unknown god.
  1196 | D:2      | Found Doplob's Weapon Emporium.
  1239 | D:2      | Reached skill level 1 in Fighting
  1239 | D:2      | Reached XP level 3. HP: 13/27 MP: 0/0
  1239 | D:2      | Learned a level 1 spell: Apportation
  1249 | D:2      | Reached XP level 4. HP: 12/32 MP: 0/0
  2217 | D:3      | Reached XP level 5. HP: 36/38 MP: 0/0
  2217 | D:3      | Learned a level 2 spell: Passwall
  2298 | D:3      | Frozen to death by an endoplasm

Illustrated notes

Levels and vault maps discovered:
D:1:      nagdon_arrival_zigzag_paths, layout_loops_corners,
          hellmonk_ecumenical_altar_leap_of_faith
D:2:      layout_basic, serial_shops, shop, minmay_hexomino_r4
D:3:      layout_rooms, uniq_sigmund

Skill      XL: |  1  2  3  4 |
---------------+-------------+-----
Spellcasting   | |  3.7
Conjurations   | |  3.7
Hexes          | |  3.7
Summonings     | |  3.7
Necromancy     | |  3.7
Translocations | |  3.7
Transmutations | |  3.7
Fire Magic     | |  3.7
Ice Magic      | |  3.7
Air Magic      | |  3.7
Earth Magic    | |  3.7
Poison Magic   | |  3.7
Fighting       | 1 2 |  2.8
Dodging        | 3 |  3.3
Stealth        | |  1.8

Action                     |  1- 3 |  4- 6 || total
---------------------------+-------+-------++-------
   Cast: Foxfire           |    22 |    45 ||    67
         Scorch            |     6 |     2 ||     8
         Volatile Blastmot |       |     5 ||     5
    Use: Scroll            |       |     1 ||     1
 Armour: Robe              |     7 |       ||     7
         Leather armour    |       |     7 ||     7
  Dodge: Dodged            |     6 |     4 ||    10

Table legend: (Time is in decaauts)
 A = Elapsed time spent in this place.
 B = Non-inter-level travel time spent in this place.
 C = Inter-level travel time spent in this place.
 D = Time resting spent in this place.
 E = Time spent auto-exploring this place.
 F = Levels seen in this place.
 G = Mean time per level.
                   A        B        C        D        E       F      G
               +--------+--------+--------+--------+--------+-----+--------+
         Total |   2296 |   2162 |    134 |      0 |   1856 |   3 |  765.3 |
       Dungeon |   2296 |   2162 |    134 |      0 |   1856 |   3 |  765.3 |
               +--------+--------+--------+--------+--------+-----+--------+

Top non-repeatable levels by time:
     D:2: 1129 daAuts
     D:1: 1009 daAuts
     D:3: 157 daAuts
